 Dungeon Crawl Stone Soup version 0.31-a0-165-g3f4f80340b (webtiles) character file.

Game seed: 12324482938177980897

44 qw the Shooter (level 3, -1/32 HPs)
             Began as a Naga Hunter on June 13, 2023.
             Slain by a goblin
             ... wielding a +0 club
             ... led by Robin
              (3 damage)
             ... on level 2 of the Dungeon.
             The game lasted 00:00:23 (1135 turns).

qw the Shooter (Naga Hunter)                        Turns: 1135, Time: 00:00:24

Health: -1/32      AC:  5    Str: 13    XL:     3   Next: 60%
Magic:  3/3        EV:  9    Int:  9    God:
Gold:   92         SH:  0    Dex: 16    Spells: 2/2 levels left

rFire   . . .        Y - +0 shortbow
rCold   . . .        (shield currently unavailable)
rNeg    . . .        c - +0 leather armour
rPois   +            (no helmet)
rElec   .            d - +2 cloak
rCorr   .            (no gloves)
SInv    +            (no barding)
Will    .....        (no amulet)
Stlth   ++           (no ring)
HPRegen 0.25/turn    (no ring)
MPRegen 0.08/turn

%: no passive effects
@: lethally poisoned (-1 -> -2), short of breath, very slow
A: AC +1, large, see invisible, deformed body, poison resistance, slowness 2,
spit poison 1, naga tail 1
a: Spit Poison


You were on level 2 of the Dungeon.
You visited 1 branch of the dungeon, and saw 2 of its levels.

You collected 92 gold pieces.


Innate Abilities, Weirdness & Mutations

Your serpentine skin is tough. (AC +1)
You have supernaturally acute eyesight. (SInv)
Armour fits poorly on your strangely shaped body.
Your system is resistant to poisons. (rPois)
You cover ground very slowly.
You can spit poison.
You have a snake-like lower body.


   Skills:
 - Level 2.0 Fighting
 + Level 4.8 Ranged Weapons
 - Level 1.5 Dodging
 - Level 1.5 Stealth


You had 2 spell levels left.
You didn't know any spells.
Your spell library was empty.

Inventory:

Hand Weapons
 Y - a +0 shortbow (weapon)
Armour
 c - a +0 leather armour (worn)
 d - a +2 cloak (worn)
Jewellery
 a - a +5 ring of evasion
Scrolls
 b - a scroll of vulnerability {unknown}
Potions
 g - a potion of might {unknown}

Dungeon Overview and Level Annotations

Branches:
Dungeon (2/15)

Altars:

Annotations:
D:1 1 runed translucent door
D:2 Robin


Message History

You shoot an arrow. The arrow hits the goblin.
You kill the goblin!
You have got your breath back.
The adder closely misses you. The adder bites you but does no damage.
Robin of the Strong Arm comes into view.
They are wielding a +0 mace.
1129 ||| INVOKING Spit Poison.
Aiming: Spit Poison (2% risk of failure)
Press: ? - help, Shift-Dir - straight line, f - adder The splash of poison misses the adder.
The adder barely misses you.
A hobgoblin comes into view.
You shoot an arrow. The arrow barely misses the adder.
The hobgoblin shouts!
The adder bites you. The goblin barely misses you. The adder bites you.
You shoot an arrow. The arrow barely misses the adder.
The adder bites you but does no damage. The goblin hits you but does no damage.
You shoot an arrow. The arrow barely misses the adder.
Robin shouts!
The adder bites you.
You are poisoned.
The adder poisons you!
Robin roars a battlecry!
The goblins go into a battle-frenzy!
The goblin barely misses you. The goblin hits you but does no damage.
The adder bites you.
You shoot an arrow. The arrow closely misses the adder.
You have got your breath back.
You feel sick. The goblin hits you with a +0 club. x2
The adder barely misses you.
1134 ||| INVOKING Spit Poison.
Aiming: Spit Poison (2% risk of failure)
Press: ? - help, Shift-Dir - straight line, f/p - adder The splash of poison misses the adder.
You feel sick. The adder bites you but does no damage.
The goblin hits you with a +0 club. The goblin closely misses you.
The goblin hits you with a +0 club. The adder bites you but does no damage.
You shoot an arrow. The arrow closely misses the adder.
You feel sick. The goblin hits you but does no damage.
The goblin hits you with a +0 club. x2
You die...

##.#...####...).....#
##.##..# ##.......##
.......# ##.....##
##.##### ##...## #.#
##### #+## #.#
#...###.####... #.#
#..............
##.######...###.####...
#......###.###.g@#
#..###.###.##.>Sgg#
#......>...###..g##
#.####.##### ##%## #.#
#.# #.# #.# #.# #g# #..
..# #.# ### ### #.


You could see Robin, an adder, a hobgoblin (strong) and 3 goblins.

Vanquished Creatures
  A dart slug (D:1)
  A bat (D:2)
  An endoplasm (D:1)
  A giant cockroach (D:1)
  9 goblins
  8 hobgoblins
  4 jackals (D:1)
  3 ball pythons (D:1)
  3 frilled lizards (D:1)
  2 kobolds (D:1)
  3 rats
36 creatures vanquished.

Notes
Turn   | Place    | Note
-------+----------+-------------------------------------------
     0 | D:1      | qw the Naga Hunter began the quest for the Orb.
     0 | D:1      | Reached XP level 1. HP: 19/19 MP: 1/1
     0 | D:1      | 0 ||| qw: Version: 0.2-a-29-gc1b59c4
     0 | D:1      | 0 ||| qw: Game counter: 4793
     0 | D:1      | 0 ||| qw: Always use a shield: true
     0 | D:1      | 0 ||| qw: God list: Okawaru
     0 | D:1      | 0 ||| qw: Allow faded altars: false
     0 | D:1      | 0 ||| qw: Do Orc after D:15 true
     0 | D:1      | 0 ||| qw: Do second Lair branch before Depths: true
     0 | D:1      | 0 ||| qw: Lair rune preference: random
     0 | D:1      | 0 ||| qw: Plans: Normal
     0 | D:1      | 0 ||| PLANNING D:1-11
     1 | D:1      | Found a runed translucent door.
    17 | D:1      | 17 ||| INVOKING Spit Poison.
    22 | D:1      | 22 ||| INVOKING Spit Poison.
    27 | D:1      | 27 ||| INVOKING Spit Poison.
    28 | D:1      | 28 ||| INVOKING Spit Poison.
   108 | D:1      | 108 ||| INVOKING Spit Poison.
   132 | D:1      | 132 ||| INVOKING Spit Poison.
   137 | D:1      | Reached skill level 4 in Ranged Weapons
   137 | D:1      | Reached XP level 2. HP: 25/26 MP: 2/2
   146 | D:1      | 146 ||| INVOKING Spit Poison.
   178 | D:1      | 178 ||| INVOKING Spit Poison.
   183 | D:1      | 183 ||| INVOKING Spit Poison.
   201 | D:1      | 201 ||| INVOKING Spit Poison.
   233 | D:1      | 233 ||| INVOKING Spit Poison.
   247 | D:1      | 247 ||| INVOKING Spit Poison.
   345 | D:1      | 345 ||| INVOKING Spit Poison.
   364 | D:1      | 364 ||| INVOKING Spit Poison.
   395 | D:1      | 395 ||| INVOKING Spit Poison.
   432 | D:1      | 432 ||| INVOKING Spit Poison.
   491 | D:1      | 491 ||| INVOKING Spit Poison.
   495 | D:1      | 495 ||| INVOKING Spit Poison.
   497 | D:1      | Reached XP level 3. HP: 32/32 MP: 3/3
   632 | D:1      | 632 ||| INVOKING Spit Poison.
   657 | D:1      | 657 ||| INVOKING Spit Poison.
   856 | D:1      | Found a faded altar of an unknown god.
   864 | D:1      | 864 ||| INVOKING Spit Poison.
   976 | D:1      | 976 ||| UPGRADING to +2 cloak.
   981 | D:1      | 981 ||| READING scroll labelled VUIPPYE GOPRACREUT.
   982 | D:1      | 982 ||| READING 2 scrolls labelled SIAKIN WISKA.
   983 | D:1      | 983 ||| DROPPING scroll of butterflies.
   984 | D:1      | 984 ||| DROPPING scroll of noise.
   992 | D:2      | 992 ||| INVOKING Spit Poison.
   995 | D:2      | 995 ||| INVOKING Spit Poison.
  1007 | D:2      | 1007 ||| INVOKING Spit Poison.
  1107 | D:2      | 1107 ||| INVOKING Spit Poison.
  1112 | D:2      | 1112 ||| INVOKING Spit Poison.
  1117 | D:2      | 1117 ||| INVOKING Spit Poison.
  1123 | D:2      | 1123 ||| INVOKING Spit Poison.
  1128 | D:2      | Noticed Robin
  1129 | D:2      | 1129 ||| INVOKING Spit Poison.
  1134 | D:2      | 1134 ||| INVOKING Spit Poison.
  1134 | D:2      | HP: 5/32 [goblin/+0 club[Robin] (6)]
  1135 | D:2      | HP: 2/32 [goblin/+0 club[Robin] (1)]
  1135 | D:2      | Slain by a goblin

Levels and vault maps discovered:
D:1:      dpeg_arrival_caged_fury, layout_loops_corners,
          chequers_ecumenical_altar_twisty, amethyst_killhole
D:2:      layout_loops_corners, serial_shops, shop, uniq_robin

Skill      XL: |  1 |
---------------+----+-----
Ranged Weapons | 4 |  4.8
Fighting       | |  2.0
Dodging        | |  1.5
Stealth        | |  1.5

Action                     || total
---------------------------++-------
   Fire: Shortbow          ||    70
Ability: Spit Poison       ||    29
    Use: Scroll            ||     2
 Armour: Leather armour    ||    15
  Dodge: Dodged            ||    20

Table legend:
 A = Non-vault XP
 B = Vault XP
 C = Vault XP percentage of total XP
 D = Non-vault monster count
 E = Vault monster count
 F = Vault count percentage of total count
                 A         B        C        D         E       F
            +---------+---------+-------+---------+---------+-------
      Total |      50 |      13 |  20.6 |      29 |       7 |  19.4
            +---------+---------+-------+---------+---------+-------
        D:1 |      45 |       0 |   0.0 |      26 |       0 |   0.0
        D:2 |       5 |      13 |  72.2 |       3 |       7 |  70.0
            +---------+---------+-------+---------+---------+-------
